 Dungeon Crawl Stone Soup version 0.26.1-11-gd32895ea62 (webtiles) character file.

Game seed: 7191348315744523808

62 raph the Digger (level 3, 0/19 HPs)
             Began as a Deep Elf Earth Elementalist on Apr 12, 2021.
             Shot with an arrow by a centaur (1 damage)
             ... on level 2 of the Dungeon.
             The game lasted 00:02:32 (1765 turns).

raph the Digger (Deep Elf Earth Elementalist)       Turns: 1765, Time: 00:02:32

Health: 0/19       AC:  3    Str:  5    XL:     3   Next: 85%
Magic:  7/9        EV: 13    Int: 20    God:
Gold:   22         SH:  0    Dex: 15    Spells: 2/8 levels left

rFire    . . .     SeeInvis +   g - +0 short sword
rCold    . . .     Faith    .   (no shield)
rNeg     . . .     Spirit   .   c - +0 robe
rPois    .         Reflect  .   (no helmet)
rElec    .         Harm     .   f - +0 cloak
rCorr    .         Rampage  .   (no gloves)
Will     .....                  (no boots)
Stlth    +.........             (no amulet)
HPRegen  0.06/turn              h - ring of attention (curse)
MPRegen  0.11/turn              i - ring of see invisible

@: no status effects
A: no striking features
a: no special abilities


You were on level 2 of the Dungeon.
You visited 1 branch of the dungeon, and saw 2 of its levels.

You collected 22 gold pieces.

Inventory:

Hand Weapons
 g - a +0 short sword (weapon)
Missiles
 b - 71 stones
Armour
 c - a +0 robe (worn)
 f - a +0 cloak (worn)
Jewellery
 h - a cursed ring of attention (left hand)
 i - a ring of see invisible (right hand)
 k - a cursed amulet of guardian spirit {unknown}
Scrolls
 a - 3 scrolls of identify {unknown}
 l - a scroll of fog {unknown}
Potions
 d - a potion of curing {unknown}
 e - a potion of degeneration {unknown}
 j - a potion of magic {unknown}


   Skills:
 - Level 2.9 Dodging
 - Level 2.9 Stealth
 - Level 3.4 Spellcasting
 - Level 1.1 Transmutations
 * Level 4.7 Earth Magic


You had 2 spell levels left.
You knew the following spells:

 Your Spells              Type           Power        Failure   Level
a - Sandblast             Erth           44%          1%          1
b - Passwall              Tmut/Erth      12%          6%          2
c - Stone Arrow           Conj/Erth      24%          16%         3

Your spell library contained the following spells:

 Spells                   Type           Power        Failure   Level
 Petrify                  Tmut/Erth      15%          38%         4
 Lee's Rapid Deconstruct  Erth           11%          50%         5


Dungeon Overview and Level Annotations

Branches:
Dungeon (2/15)

Altars:


Message History

You climb downwards.
The worker ant misses you.
A centaur comes into view.
The worker ant bites you!
The centaur moves out of view.
There is a stone staircase leading up here.
Aiming: Sandblast (safe; 1% risk of failure)
Press: ? - help, Q - select action, (/) - cycle Shift-Dir - straight line, f - worker ant
Aim: a worker ant (19% to evade)
The blast of sand misses the worker ant.
The worker ant bites you.
* * * LOW HITPOINT WARNING * * *
Aiming: Sandblast (safe; 1% risk of failure)
Press: ? - help, Q - select action, (/) - cycle Shift-Dir - straight line, f/p - worker ant
Aim: a worker ant (19% to evade)
The blast of sand hits the worker ant!
The worker ant is heavily wounded.
The centaur wields a +0 shortbow of freezing.
It is covered in frost.
The centaur shoots an arrow.
The arrow hits you.
* * * LOW HITPOINT WARNING * * *
The arrow freezes you.
You die...

########
#......#
#......#
.#......#
.......@#
........B.#
##...........
#......#####..
#......#
#.#.#### #..#.
c. ..


You could see a centaur and a worker ant.

Vanquished Creatures
  2 gnolls (D:1)
  An ooze (D:1)
  2 dart slugs (D:1)
  A leopard gecko (D:1)
  3 giant cockroaches (D:1)
  3 goblins (D:1)
  A hobgoblin (D:1)
  2 jackals
  2 ball pythons (D:1)
  5 bats
  2 frilled lizards (D:1)
  5 kobolds (D:1)
  6 rats (D:1)
35 creatures vanquished.

Notes
Turn   | Place    | Note
-------+----------+-------------------------------------------
     0 | D:1      | raph the Deep Elf Earth Elementalist began the quest for
                  | the Orb.
     0 | D:1      | Reached XP level 1. HP: 10/10 MP: 6/6
   226 | D:1      | Reached XP level 2. HP: 15/15 MP: 6/8
   983 | D:1      | Reached XP level 3. HP: 18/19 MP: 9/9
   986 | D:1      | Learned a level 2 spell: Passwall
   990 | D:1      | Learned a level 3 spell: Stone Arrow
  1138 | D:1      | Reached skill level 4 in Earth Magic
  1763 | D:2      | Noticed a centaur
  1765 | D:2      | Shot with an arrow by a centaur

Illustrated notes

Levels and vault maps discovered:
D:1:      minmay_arrival_cross, layout_loops_ring, minmay_heptomino_h4
D:2:      layout_rooms, amethyst_overflow_temple_binary

Skill      XL: |  1  2  3 |
---------------+----------+-----
Earth Magic    | 4 |  4.7
Dodging        | |  2.9
Stealth        | |  2.9
Spellcasting   | |  3.4
Transmutations | |  1.1

Action                   || total
-------------------------++-------
Melee: Short sword       ||    87
 Cast: Sandblast         ||    28
Armor: Robe              ||    30
Dodge: Dodged            ||    95
